3AA
BELVEDERE PARK RAWHIDES @ OTTAWA NATIONALS
09/04/2034
 
TOP OF THE 1ST
Belvedere Park Rawhides batting - Pitching for Ottawa Nationals : LHP Kelby Henderson
Pitching: LHP Kelby Henderson
Batting: RHB Pat Sizemore 0-0: Ball
1-0: Ball
2-0: SINGLE (Groundball, 4MD)
Batting: SHB José Pinto 0-0: Ball
1-0: Called Strike
1-1: Called Strike
1-2: Foul Ball, location: 2F
1-2: Foul Ball, location: 2F
1-2: Foul Ball, location: 2F
1-2: Ball
2-2: Ball
3-2: SINGLE (Groundball, 6MD)
Pat Sizemore to second
Batting: RHB Min-gook Ch'oe 0-0: Foul Ball, location: 2F
0-1: Ball
1-1: Ball
2-1: Ball
3-1: Swinging Strike
3-2: Fly out, F7 (Flyball, 78S)
Batting: RHB Pat Lloyd 0-0: Fly out, F8 (Flyball, 8RD)
Runner from 2nd tags up, SAFE at 3rd with throw
Batting: RHB Mike Printup 0-0: Called Strike
0-1: SINGLE (Line Drive, 89S)
Pat Sizemore scores
José Pinto to second
Batting: RHB Stephen Webb 0-0: Foul Ball, location: 2F
0-1: Foul Ball, location: 2F
0-2: Strikes out swinging
Top of the 1st over - 1 run, 3 hits, 0 errors, 2 left on base; Belvedere Park 1 - Ottawa 0
BOTTOM OF THE 1ST
Ottawa Nationals batting - Pitching for Belvedere Park Rawhides : RHP Hyung-ki Kim
Pitching: RHP Hyung-ki Kim
Batting: RHB José Bumgarnor 0-0: Fly out, F7 (Flyball, 7)
Batting: LHB Don McGhee 0-0: Fly out, F8 (Flyball, 8RM)
Batting: LHB Alan Shaw 0-0: Foul Ball, location: 2F
0-1: Ball
1-1: Foul Ball, location: 2F
1-2: Strikes out swinging
Bottom of the 1st over - 0 runs, 0 hits, 0 errors, 0 left on base; Belvedere Park 1 - Ottawa 0
TOP OF THE 2ND
Belvedere Park Rawhides batting - Pitching for Ottawa Nationals : LHP Kelby Henderson
Batting: RHB Hang-ki Chung 0-0: Ball
1-0: Ball
2-0: Ball
3-0: Base on Balls
Batting: LHB Ken Gill 0-0: Ball
1-0: Foul Ball, location: 2F
1-1: Fielders Choice at 2nd, 3-6 (Groundball, 3)
Batting: RHB Woodrow McGuire 0-0: Ball
1-0: Ball
2-0: Fielders Choice at 2nd, 4-6 (Groundball, 4)
Batting: RHB Pat Sizemore 0-0: Swinging Strike
0-1: Ball
1-1: Ball
2-1: Ball
3-1: Called Strike
3-2: Fly out, F7 (Flyball, 78D)
Top of the 2nd over - 0 runs, 0 hits, 0 errors, 1 left on base; Belvedere Park 1 - Ottawa 0
BOTTOM OF THE 2ND
Ottawa Nationals batting - Pitching for Belvedere Park Rawhides : RHP Hyung-ki Kim
Batting: RHB Zack McLean 0-0: Foul Ball, location: 2F
0-1: Ball
1-1: Ball
2-1: Fly out, F8 (Flyball, 8LD)
Batting: RHB Yang-joo Pak 0-0: Called Strike
0-1: Foul Ball, location: 2F
0-2: Ball
1-2: Ground out 6-3 (Groundball, 6)
Batting: RHB Cheh Zhi 0-0: Ball
1-0: Ball
2-0: Ball
3-0: Called Strike
3-1: Base on Balls
Batting: RHB Manuel Vroonland 0-0: Ball
1-0: Ball
2-0: Ground out 4-3 (Groundball, 4)
Bottom of the 2nd over - 0 runs, 0 hits, 0 errors, 1 left on base; Belvedere Park 1 - Ottawa 0
TOP OF THE 3RD
Belvedere Park Rawhides batting - Pitching for Ottawa Nationals : LHP Kelby Henderson
Batting: SHB José Pinto 0-0: Ball
1-0: Foul Ball, location: 2F
1-1: Called Strike
1-2: Ball
2-2: Ball
3-2: Foul Ball, location: 2F
3-2: Ground out U3 (Groundball, 34S)
Batting: RHB Min-gook Ch'oe 0-0: Ball
1-0: Foul Ball, location: 2F
1-1: Ball
2-1: Swinging Strike
2-2: Foul Ball, location: 2F
2-2: Strikes out swinging
Batting: RHB Pat Lloyd 0-0: Ball
1-0: Ball
2-0: Called Strike
2-1: Ground out 5-3 (Groundball, 56)
Top of the 3rd over - 0 runs, 0 hits, 0 errors, 0 left on base; Belvedere Park 1 - Ottawa 0
BOTTOM OF THE 3RD
Ottawa Nationals batting - Pitching for Belvedere Park Rawhides : RHP Hyung-ki Kim
Batting: RHB Bartho Simonse 0-0: Called Strike
0-1: Ground out 4-3 (Groundball, 4)
Batting: RHB Richard Clemmet 0-0: Ball
1-0: Foul Ball, location: 2F
1-1: Called Strike
1-2: Ground out 5-3 (Groundball, 56)
Batting: RHB José Bumgarnor 0-0: Ball
1-0: Called Strike
1-1: SINGLE (Groundball, 56D)
Batting: LHB Don McGhee 0-0: Ball
1-0: Foul Ball, location: 2F
1-1: Ball
2-1: Ground out U3 (Groundball, 23)
Bottom of the 3rd over - 0 runs, 1 hit, 0 errors, 1 left on base; Belvedere Park 1 - Ottawa 0
TOP OF THE 4TH
Belvedere Park Rawhides batting - Pitching for Ottawa Nationals : LHP Kelby Henderson
Batting: RHB Mike Printup 0-0: Called Strike
0-1: Ball
1-1: SINGLE (Groundball, 56D)
Batting: RHB Stephen Webb 0-0: Foul Ball, location: 2F
0-1: Ball
1-1: Ball
2-1: Fly out, F8 (Flyball, 8RS)
Batting: RHB Hang-ki Chung 0-0: Ball
1-0: DOUBLE (Line Drive, 7LD)
Mike Printup to third
Runner from 3rd tries for Home, SAFE, no throw
Batting: LHB Ken Gill 0-0: Called Strike
0-1: Foul Ball, location: 2F
0-2: Ball
1-2: Foul Ball, location: 2F
1-2: Foul Ball, location: 2F
1-2: SINGLE (Groundball, 4) (infield hit)
Hang-ki Chung to third
Batting: RHB Woodrow McGuire 0-0: Fielders Choice at 2nd, 4-6 (Groundball, 34)
Hang-ki Chung scores
Batting: RHB Pat Sizemore 0-0: Called Strike
0-1: Ball
1-1: Foul Ball, location: 2F
1-2: Ball
2-2: Foul Ball, location: 2F
2-2: Ball
3-2: DOUBLE (Flyball, 8RD)
Woodrow McGuire to third
Woodrow McGuire scores
Pitching: RHP Amadeo Nardello
Batting: SHB José Pinto 0-0: Ball
1-0: Foul Ball, location: 2F
1-1: Foul Ball, location: 2F
1-2: Ball
2-2: Foul Ball, location: 2F
2-2: DOUBLE (Line Drive, 9LS)
Pat Sizemore scores
Batting: RHB Min-gook Ch'oe 0-0: Called Strike
0-1: Ball
1-1: Ball
2-1: Ball
3-1: Base on Balls
Batting: RHB Pat Lloyd 0-0: Fly out, F8 (Flyball, 8LM)
Top of the 4th over - 4 runs, 5 hits, 0 errors, 2 left on base; Belvedere Park 5 - Ottawa 0
BOTTOM OF THE 4TH
Ottawa Nationals batting - Pitching for Belvedere Park Rawhides : RHP Hyung-ki Kim
Batting: LHB Alan Shaw 0-0: Ball
1-0: Ball
2-0: Fly out, F6 (Popup, 6S)
Batting: RHB Zack McLean 0-0: Called Strike
0-1: Ball
1-1: Fly out, F8 (Line Drive, 8LD)
Batting: RHB Yang-joo Pak 0-0: Ball
1-0: Called Strike
1-1: Fly out, F5 (Line Drive, 5S)
Bottom of the 4th over - 0 runs, 0 hits, 0 errors, 0 left on base; Belvedere Park 5 - Ottawa 0
TOP OF THE 5TH
Belvedere Park Rawhides batting - Pitching for Ottawa Nationals : RHP Amadeo Nardello
Batting: RHB Mike Printup 0-0: Called Strike
0-1: Called Strike
0-2: Ball
1-2: Foul Ball, location: 2F
1-2: Strikes out swinging
Batting: RHB Stephen Webb 0-0: Ball
1-0: Called Strike
1-1: SINGLE (Flyball, 9S)
Batting: RHB Hang-ki Chung 0-0: Ball
1-0: Ball
2-0: Called Strike
2-1: Foul Ball, location: 2F
2-2: Grounds into double play, 1-6-3 (Groundball, 13)
Top of the 5th over - 0 runs, 1 hit, 0 errors, 0 left on base; Belvedere Park 5 - Ottawa 0
BOTTOM OF THE 5TH
Ottawa Nationals batting - Pitching for Belvedere Park Rawhides : RHP Hyung-ki Kim
Batting: RHB Cheh Zhi 0-0: Foul Ball, location: 2F
0-1: Ball
1-1: Swinging Strike
1-2: Ball
2-2: Ball
3-2: Ground out 6-3 (Groundball, 6)
Batting: RHB Manuel Vroonland 0-0: Called Strike
0-1: Ball
1-1: Ball
2-1: Ball
3-1: Fly out, F2 (Popup, 3SF)
Batting: RHB Bartho Simonse 0-0: Ball
1-0: Ball
2-0: Called Strike
2-1: Ground out 6-3 (Groundball, 56)
Bottom of the 5th over - 0 runs, 0 hits, 0 errors, 0 left on base; Belvedere Park 5 - Ottawa 0
TOP OF THE 6TH
Belvedere Park Rawhides batting - Pitching for Ottawa Nationals : RHP Amadeo Nardello
Batting: LHB Ken Gill 0-0: Ball
1-0: Foul Ball, location: 2F
1-1: Ball
2-1: DOUBLE (Line Drive, 9LM)
Batting: RHB Woodrow McGuire 0-0: Foul Ball, location: 2F
0-1: Foul Ball, location: 2F
0-2: Ball
1-2: Fly out, F4 (Line Drive, 4)
Batting: RHB Pat Sizemore 0-0: Called Strike
0-1: Ball
1-1: Foul Ball, location: 2F
1-2: Ball
2-2: Foul Ball, location: 2F
2-2: Foul Ball, location: 2F
2-2: Fly out, F8 (Line Drive, 8LD)
Batting: SHB José Pinto 0-0: 2-RUN HOME RUN (Flyball, 9LD), Distance : 371 ft
Batting: RHB Min-gook Ch'oe 0-0: Ball
1-0: Ball
2-0: Called Strike
2-1: Called Strike
2-2: Strikes out swinging
Top of the 6th over - 2 runs, 2 hits, 0 errors, 0 left on base; Belvedere Park 7 - Ottawa 0
BOTTOM OF THE 6TH
Ottawa Nationals batting - Pitching for Belvedere Park Rawhides : RHP Hyung-ki Kim
Batting: RHB Richard Clemmet 0-0: Ball
1-0: Ball
2-0: Fly out, F1 (Line Drive, 13)
Batting: RHB José Bumgarnor 0-0: Called Strike
0-1: Ball
1-1: Ball
2-1: Fly out, F7 (Line Drive, 7S)
Batting: LHB Don McGhee 0-0: Ground out 4-3 (Groundball, 4)
Bottom of the 6th over - 0 runs, 0 hits, 0 errors, 0 left on base; Belvedere Park 7 - Ottawa 0
TOP OF THE 7TH
Belvedere Park Rawhides batting - Pitching for Ottawa Nationals : RHP Amadeo Nardello
Batting: RHB Pat Lloyd 0-0: Ball
1-0: Ball
2-0: Foul Ball, location: 2F
2-1: SINGLE (Line Drive, 6MD)
Batting: RHB Mike Printup 0-0: SINGLE (Groundball, 6MD)
Pat Lloyd to second
Runner from 2nd tries for 3rd, SAFE, throw made to third
Batting: RHB Stephen Webb 0-0: Ball
1-0: Ball
2-0: Ball
3-0: Called Strike
3-1: Base on Balls
Mike Printup to second
Batting: RHB Hang-ki Chung 0-0: Ball
1-0: Ball
2-0: Called Strike
2-1: Ball
3-1: DOUBLE (Flyball, 8LXD)
Pat Lloyd scores
Mike Printup scores
Stephen Webb to third
Pitching: LHP Reino Öunap
Batting: LHB Ken Gill 0-0: Ball
1-0: Ball
2-0: SINGLE (Line Drive, 4MD)
Stephen Webb scores
Hang-ki Chung to third
Batting: RHB Woodrow McGuire 0-0: Called Strike
0-1: Ball
1-1: Foul Ball, location: 2F
1-2: Ground out 4-3 (Groundball, 4M)
Hang-ki Chung scores
Ken Gill to second
Batting: RHB Pat Sizemore 0-0: Ball
1-0: Ball
2-0: Called Strike
2-1: 2-RUN HOME RUN (Flyball, 8RXD), Distance : 423 ft
Batting: SHB José Pinto 0-0: Foul Ball, location: 2F
0-1: Ball
1-1: Ball
2-1: Foul Ball, location: 2F
2-2: SINGLE (Groundball, 56S) (infield hit)
Batting: RHB Min-gook Ch'oe 0-0: Ball
1-0: Ball
José Pinto is caught stealing 2nd base
2-0: Fly out, F9 (Flyball, 9)
Top of the 7th over - 6 runs, 6 hits, 0 errors, 0 left on base; Belvedere Park 13 - Ottawa 0
BOTTOM OF THE 7TH
Ottawa Nationals batting - Pitching for Belvedere Park Rawhides : RHP Hyung-ki Kim
Batting: LHB Alan Shaw 0-0: Called Strike
0-1: Ground out 5-3 (Groundball, 56)
Batting: RHB Zack McLean 0-0: SINGLE (Flyball, 78M)
Batting: RHB Yang-joo Pak 0-0: Ball
1-0: Called Strike
1-1: Foul Ball, location: 2F
1-2: Foul Ball, location: 2F
1-2: Fly out, F5 (Line Drive, 5L)
Batting: RHB Cheh Zhi 0-0: Called Strike
0-1: Ground out 5-3 (Groundball, 56S)
Bottom of the 7th over - 0 runs, 1 hit, 0 errors, 1 left on base; Belvedere Park 13 - Ottawa 0
TOP OF THE 8TH
Belvedere Park Rawhides batting - Pitching for Ottawa Nationals : LHP Reino Öunap
Batting: RHB Pat Lloyd 0-0: Ball
1-0: Foul Ball, location: 2F
1-1: Swinging Strike
1-2: Ground out 5-3 (Groundball, 56)
Batting: RHB Mike Printup 0-0: Ball
1-0: Ground out U3 (Groundball, 34S)
Batting: RHB Stephen Webb 0-0: Foul Ball, location: 2F
0-1: Ball
1-1: Ball
2-1: SINGLE (Flyball, 4D)
Batting: RHB Hang-ki Chung 0-0: Ball
1-0: Called Strike
1-1: Foul Ball, location: 2F
1-2: Ground out 4-3 (Groundball, 4)
Top of the 8th over - 0 runs, 1 hit, 0 errors, 1 left on base; Belvedere Park 13 - Ottawa 0
BOTTOM OF THE 8TH
Ottawa Nationals batting - Pitching for Belvedere Park Rawhides : RHP Hyung-ki Kim
Batting: RHB Manuel Vroonland 0-0: Ball
1-0: Called Strike
1-1: Ball
2-1: Ball
3-1: Called Strike
3-2: Strikes out swinging
Batting: RHB Bartho Simonse 0-0: Called Strike
0-1: Ball
1-1: Ball
2-1: Swinging Strike
2-2: Foul Ball, location: 2F
2-2: Foul Ball, location: 2F
2-2: Strikes out swinging
Pitching: RHP Hamad Al Fardan
Pinch Hitting: RHB Eric Harvey 0-0: Ball
1-0: Ball
2-0: Ball
3-0: Base on Balls
Batting: RHB José Bumgarnor 0-0: Ball
1-0: Fly out, F6 (Line Drive, 6)
Bottom of the 8th over - 0 runs, 0 hits, 0 errors, 1 left on base; Belvedere Park 13 - Ottawa 0
TOP OF THE 9TH
Belvedere Park Rawhides batting - Pitching for Ottawa Nationals : LHP Reino Öunap
Pitching: LHP Dong Zhào
Now in LF: Eric Harvey
Pinch Hitting: RHB David Martínez 0-0: Swinging Strike
0-1: Foul Ball, location: 2F
0-2: Ball
1-2: Ball
2-2: Strikes out looking
Batting: RHB Woodrow McGuire 0-0: Called Strike
0-1: Fly out, F9 (Flyball, 89S)
Batting: RHB Pat Sizemore 0-0: SINGLE (Line Drive, 8RS)
Pinch Hitting: RHB Domingo Trujillo 0-0: Ball
Pat Sizemore is caught stealing 2nd base
Top of the 9th over - 0 runs, 1 hit, 0 errors, 0 left on base; Belvedere Park 13 - Ottawa 0
BOTTOM OF THE 9TH
Ottawa Nationals batting - Pitching for Belvedere Park Rawhides : RHP Hamad Al Fardan
Now in CF: Wallace Belyeu
Now in RF: Domingo Trujillo
Batting: LHB Don McGhee 0-0: Called Strike
0-1: Ball
1-1: Fly out, F7 (Line Drive, 7LM)
Batting: LHB Alan Shaw 0-0: Ball
1-0: Ball
2-0: Ball
3-0: Called Strike
3-1: Swinging Strike
3-2: Base on Balls
Batting: RHB Zack McLean 0-0: Called Strike
0-1: Ball
1-1: Foul Ball, location: 2F
1-2: Ball
2-2: Foul Ball, location: 2F
2-2: Fly out, F8 (Flyball, 8RD)
Batting: RHB Yang-joo Pak 0-0: Called Strike
0-1: Ball
1-1: Called Strike
1-2: Foul Ball, location: 2F
1-2: Strikes out swinging, 2-3 out at first.
Bottom of the 9th over - 0 runs, 0 hits, 0 errors, 1 left on base; Belvedere Park 13 - Ottawa 0
Friday, March 29th, 2019 - OOTP Baseball 18.8 Build 76